cohdb
Replays
Latest Replays
All Replays
Popular Replays
Top Player Replays
Match Explorer
How It Works
Community
CoH3 Stats
Reddit
Sign in to upload your games and track your stats! →
Sign in with Steam
Match 42085747
Unlisted
Match 42085747
Overview
Messages
Build Orders
End
Construct Section Command Post
Infantry Section
Vickers Machine Gun Team
Dingo Light Scout Car
Selects Indian Artillery Battlegroup
Selects War Cry
Construct Platoon Command Post
Selects Gurkha Rifles Section
Gurkha Rifles Section
Infantry Training
Humber Armored Car
6-pounder Anti-tank Gun Team
Construct Company Command Post
Selects Volunteer Infantry
Matilda II Heavy Tank
Selects Artillery Saturation
Matilda II Heavy Tank
Royal Engineer Section
Selects Off-map Airburst Barrage
Off-map Airburst Barrage
Armored Vehicle Training
Selects BL5.5 Artillery Emplacement
Off-map Airburst Barrage
Crusader II Medium Tank
Off-map Airburst Barrage
Gurkha Rifles Section
Crusader II Medium Tank
Gurkha Rifles Section
Matilda II Heavy Tank
noony2351
PlumApollo
Saueee
Cute P$ssy
0
0
Comments
sign in to comment!
No comments posted yet!